[Event "5th Baskent University Open 2022"]
[Site "Ankara"]
[Date "2022.07.03"]
[Round "3.5"]
[White "Gunduz, Umut Erdem"]
[Black "Altun, Arda"]
[Result "1-0"]
[ECO "B19"]
[WhiteElo "2368"]
[BlackElo "2213"]
[Annotator "TA"]
[PlyCount "139"]
[EventDate "2022.07.02"]
[EventType "swiss"]
[EventCountry "TUR"]
[SourceTitle "playchess.com"]
[Source "ChessBase"]
[SourceQuality "1"]
[TimeControl "5400+30"]

1. e4 c6 2. d4 d5 3. Nd2 dxe4 4. Nxe4 Bf5 5. Ng3 Bg6 6. h4 h6 7. Nf3 Nd7 8. h5 Bh7 9. Bd3 Bxd3 10. Qxd3 e6 11. Bd2 Ngf6 12. O-O-O Be7 13. Kb1 Qb6 {[%emt 0:00:00] B19: Classical Caro-Kann: 4...Bf5 main line.} 14. Be3 Rd8 15. Ne4 Nxe4 {[%emt 0:07:30] The position is equal.} 16. Qxe4 Nf6 {[%emt 0:00:30] Inhibits d5.} 17. Qd3 O-O 18. Ne5 {[%emt 0:10:30] [#]} Nd5 $146 ({Predecessor:} 18... c5 19. g4 Nd5 20. dxc5 Bxc5 21. Bxc5 Qxc5 22. g5 hxg5 23. h6 gxh6 24. Rdg1 Kg7 {1-0 (71) Mohamad,E (2260)-Paragua,M (2571) Jakarta 2013}) 19. Bc1 c5 20. Qg3 {[%emt 0:07:30] Hoping for Bxh6.} Kh8 $1 21. c4 $36 {[%emt 0:04:30][%mdl 2048] Black must now prevent dxc5. White is pushing.} Nf6 22. dxc5 Qxc5 23. Be3 Qa5 24. f4 Kg8 25. Qf3 Bd6 26. Bd4 $1 Bc5 (26... Qc7 $14) 27. Bxc5 $16 Rxd1+ 28. Rxd1 Qxc5 29. Qxb7 {[%emt 0:00:30] White is more active.} Qe3 (29... Nxh5 $16 {was necessary.} 30. Qf3 Nf6) 30. Qf3 $18 Qxf3 31. Nxf3 Nxh5 $16 {[%emt 0:00:05][%mdl 4096] Endgame KRN-KRN} 32. Rd4 f6 (32... a5 $142) 33. c5 Rc8 34. b4 Kf8 35. g4 Ng3 36. Rd7 {[%emt 0:01:30] And now Nd4 would win.} a5 {[%emt 0:00:59] [#]} 37. Nd4 $1 axb4 $2 (37... e5 $14 38. Ne6+ Ke8) 38. Nxe6+ $2 (38. c6 $18) 38... Ke8 {[%emt 0:00:25] [#]} 39. Rxg7 (39. Rd3 $1 $18 {[%cal Rd3g3] and White stays clearly on top.} Ne4 40. Rd4 (40. Nxg7+ Kf8 $16) 40... Nc3+ 41. Kc2) 39... Ne4 40. f5 Rc6 41. Rb7 Nxc5 42. Nxc5 Rxc5 43. Rxb4 {[%emt 0:00:30] aiming for a4. KR-KR} Ke7 $2 (43... h5 $16) 44. Kb2 (44. a4 $142) 44... Rc6 $2 (44... h5) 45. Re4+ $18 Kd7 46. Re6 $2 (46. a4 $18) 46... Rc4 $1 $11 (46... Rxe6 $2 47. fxe6+ Kxe6 48. a4 $18) 47. Rxf6 {[%emt 0:00:31] Strongly threatening Rg6.} Rxg4 48. Rxh6 {[%emt 0:00:30] Threatens to win with Ra6.} Rf4 49. Rh5 Kc6 50. Kc3 Kd5 51. a3 Kc5 52. Kb3 Kb5 $2 (52... Rf3+ $14 53. Ka4 Kc4) 53. a4+ $1 $18 Kc5 54. f6+ $2 (54. a5 $18 {Kc2 is the strong threat.} Kb5 55. Kc3 (55. f6+ Ka6 $11)) 54... Kc6 55. Rh6 {[%emt 0:00:01] White wants to mate with f7+.} Kc5 $1 56. a5 Rf3+ (56... Kb5 $11) 57. Kc2 {[%emt 0:00:31] Intending Kd2 and mate.} Kd6 58. a6 {[%emt 0:00:54] White mates.} Ke6 59. Kb2 Rf5 60. Kb3 Ra5 61. Kb4 Ra1 62. Kb5 Rb1+ 63. Kc6 Rc1+ 64. Kb7 Rb1+ 65. Ka8 Rb2 66. a7 Rb1 67. Rh8 Kxf6 68. Rb8 Rc1 69. Rb6+ Ke7 70. Kb7 {[%emt 0:00:00] Weighted Error Value: White=0.56/Black=0.65} 1-0

[Event "5th Baskent University Open 2022"]
[Site "Ankara"]
[Date "2022.07.03"]
[Round "3.6"]
[White "Koksal, Ege"]
[Black "Zor, Alber Kadir"]
[Result "1/2-1/2"]
[ECO "D38"]
[WhiteElo "2356"]
[BlackElo "2116"]
[Annotator "RC"]
[PlyCount "32"]
[EventDate "2022.07.02"]
[EventType "swiss"]
[EventCountry "TUR"]
[SourceTitle "playchess.com"]
[Source "ChessBase"]
[SourceQuality "1"]
[TimeControl "5400+30"]

1. d4 d5 2. c4 e6 3. Nc3 Nf6 4. Nf3 Bb4 5. Bg5 h6 6. Bxf6 Qxf6 7. e3 O-O 8. Rc1 dxc4 9. Bxc4 c5 10. O-O cxd4 11. Nxd4 Bd7 12. Qb3 Nc6 13. Nxc6 Bxc3 14. Rxc3 Bxc6 15. Bb5 Bd5 16. Bc4 Bc6 1/2-1/2

[Event "5th Baskent University Open 2022"]
[Site "Ankara"]
[Date "2022.07.03"]
[Round "3.7"]
[White "Aliyev, Elnur"]
[Black "Akbas, Umut Ata"]
[Result "1-0"]
[ECO "A16"]
[WhiteElo "2142"]
[BlackElo "2298"]
[Annotator "TA"]
[PlyCount "151"]
[EventDate "2022.07.02"]
[EventType "swiss"]
[EventCountry "TUR"]
[SourceTitle "playchess.com"]
[Source "ChessBase"]
[SourceQuality "1"]
[TimeControl "5400+30"]

1. c4 Nf6 2. Nc3 d5 3. cxd5 Nxd5 4. Nf3 g6 5. Qc2 Bg7 6. e4 $1 {[%emt 0:02:30] A16: English Opening: 1...Nf6 with ...d5.} ({Reject} 6. Nxd5 Qxd5 7. e3 Bf5 $15) 6... Nxc3 7. dxc3 O-O 8. Bc4 {[%emt 0:05:00] White is slightly better.} Nd7 9. Be3 c6 10. a4 Qc7 11. O-O {[%emt 0:09:30] [#]} a5 $146 ({Predecessor:} 11... Nf6 12. h3 b6 13. a5 Bd7 14. b4 e6 15. Bd4 c5 16. Be5 Qc6 17. b5 Qxe4 {1-0 (34) Makarian,R (2383)-Gusarov,A (2231) Voronezh 2019}) 12. h3 b6 13. Nd4 Bb7 14. Rad1 {[%emt 0:03:30] aiming for Ne6.} Nc5 {[%emt 0:02:30] Against Ne6} 15. f4 Kh8 (15... Rad8 $14) 16. e5 Rab8 (16... e6 $16) 17. Nf3 Qc8 18. Bxc5 bxc5 19. Ng5 e6 (19... Ba6 $142 20. Nxf7+ Rxf7 21. Bxf7 Bxf1) 20. Ne4 $18 Qc7 21. Nxc5 (21. Rd6 $18) 21... Rfd8 $16 22. Qf2 {[%emt 0:04:30][%cal Oc4e6] 0x0.000bd0ea79d0dp-1022s more active pieces.} Bf8 23. g4 Be7 24. b3 Qb6 {[%emt 0:01:55] [#]} (24... Ra8 $16 {keeps fighting.} 25. f5 gxf5) 25. Nd7 $1 $18 Qxf2+ 26. Rxf2 (26. Kxf2 $18 Rbc8 27. Ke3) 26... Bc5 $16 {[%emt 0:00:34] [#]} 27. Nxc5 Rxd1+ $11 28. Rf1 Rd2 29. Rf2 {[%emt 0:01:17][%mdl 1024] White has compensation.} Rd1+ 30. Rf1 Rd2 31. Ne4 Rc2 32. Rd1 c5 33. Nf6 {[%emt 0:00:18] Hoping for Rd7.} Bd5 (33... Bc6 $11 34. Rd6 Ba8) 34. Nxd5 $14 exd5 35. Rxd5 {[%emt 0:00:12][%mdl 4096] Endgame KRR-KRB} Rb7 36. g5 ({Better is} 36. Rxc5 $16 Ra7 37. Bd5) 36... Rxc3 37. Kg2 ({Avoid the trap} 37. Rxc5 $2 Rbxb3 38. Bxb3 Rxc5 39. Bxf7 Kg7 $19) 37... Rb4 38. h4 {[%emt 0:05:33] Black must now prevent Rd7.} ({Much weaker is} 38. Rxc5 Rbxb3 39. Bxb3 Rxc5 40. Bxf7 Kg7 $17) 38... Rcxc4 39. bxc4 Rxc4 $11 {[%emt 0:00:00] KR-KR} 40. Kf3 {[%emt 0:00:11] Threatens to win with Rd7.} Rxa4 41. Rxc5 Ra3+ 42. Ke4 Ra4+ 43. Ke3 Ra3+ 44. Kd4 Rh3 45. Rc7 Rxh4 {[%emt 0:01:21][%mdl 8192] Black cannot hold the game after this.} (45... Kg8 $11) 46. Rxf7 {[%emt 0:00:13] White mates.} Rh1 47. e6 Kg8 48. Ke5 Rb1 49. Rc7 Rb8 50. Kd6 a4 51. Ra7 Rd8+ 52. Kc7 Re8 53. Kd7 Kf8 54. Rxa4 Rb8 55. Rc4 Rb7+ 56. Kd6 Rb6+ 57. Rc6 Rb8 58. Rc7 Ke8 59. Rxh7 Rb6+ 60. Ke5 Rb5+ 61. Kf6 Rf5+ 62. Kxg6 Rxf4 63. Rh1 Ke7 64. Re1 Rh4 65. Kg7 Rh2 66. g6 Rg2 67. Kh7 Rh2+ 68. Kg8 Rh3 69. g7 Rh2 70. Rf1 Rh3 71. Rf7+ Ke8 72. e7 Rh1 73. Rf8+ Kxe7 74. Rf4 Ra1 75. Rh4 Ra7 76. Kh8 {[%emt 0:00:18] Weighted Error Value: White=0.15 (very precise) /Black=0.22 (precise)} 1-0

[Event "5th Baskent University Open 2022"]
[Site "Ankara"]
[Date "2022.07.03"]
[Round "3.8"]
[White "Bicer, Atakan Mert"]
[Black "Makaraci, Tunahan"]
[Result "0-1"]
[ECO "B37"]
[WhiteElo "2368"]
[BlackElo "2130"]
[Annotator "TA"]
[PlyCount "76"]
[EventDate "2022.07.02"]
[EventType "swiss"]
[EventCountry "TUR"]
[SourceTitle "playchess.com"]
[Source "ChessBase"]
[SourceQuality "1"]
[TimeControl "5400+30"]

1. e4 c5 2. Nf3 Nc6 3. d4 cxd4 4. Nxd4 g6 5. Nb3 Bg7 6. c4 d6 {[%emt 0:02:30] B37: Sicilian: Maroczy Bind with 5...Bg7, sidelines.} 7. Be2 b6 8. O-O Nf6 {[%emt 0:01:30] The position is equal.} 9. Nc3 O-O 10. Be3 Bb7 11. f3 Rc8 {[%emt 0:01:30] [#]} 12. a4 $146 (12. Nd4 $14) ({Predecessor:} 12. Rc1 Nd7 13. Nd4 Nxd4 14. Bxd4 Bh6 15. Rc2 Nc5 16. Re1 Qd7 17. b4 Ne6 18. Bf2 {1-0 (48) Cmilyte,V (2464)-Foisor,C (2388) Germany 2007}) 12... Nd7 13. a5 Bxc3 14. bxc3 bxa5 15. f4 Ba6 16. Rf3 Nf6 17. Nd2 (17. Qd3 $11) 17... Ng4 $1 $15 18. Kh1 Nxe3 19. Rxe3 Rb8 20. Rh3 Bc8 21. g4 e5 (21... Qb6 $17 22. Qe1 f6) 22. f5 $1 $11 Qg5 $36 {[%emt 0:00:30][%mdl 2048] Black has some pressure.} 23. Qe1 (23. Nf3 $11 {keeps the balance.} Qf4 24. Qxd6) 23... Rb2 $17 24. Nf3 {[%emt 0:03:20] [#]} Qf4 (24... Qxg4 $2 25. Rh4 Bxf5 26. Rxg4 Bxg4 27. Bd1 $18) 25. Bf1 (25. Qh4 $142 h6 26. Ng1) 25... g5 {[%emt 0:09:30] 0x0.001b6a32e570dp-1022s more active pieces.} ({Don't take} 25... gxf5 26. gxf5 Ne7 27. Bg2 Nxf5 28. exf5 $16) ({Don't do} 25... Qxg4 26. Qc1 Rb7 27. Qh6 $14) (25... h5 $17 26. gxh5 gxf5 27. exf5 Kh7) 26. Rd1 ({White should play} 26. c5 $15) 26... Rd8 $2 (26... Qxg4 {[#]} 27. Nxg5 $1 Qxg5 28. Rg3 $18) (26... Bb7 $17 {aiming for ...a4.} 27. Rd2 Rxd2 28. Nxd2 a4) 27. c5 $2 (27. Rd2 $11 {and White has nothing to worry.} Rxd2 28. Nxd2) 27... Nb8 (27... Qxg4 $2 28. Rg3 Qf4 29. Nxg5 $18) 28. Rb1 $2 ({Avoid the trap} 28. Rxd6 $2 Rxd6 29. cxd6 Bb7 $19) (28. cxd6 Bb7 29. Qg3 Qxe4 30. Re1 Qxf3+ 31. Qxf3 Bxf3+ 32. Rxf3) 28... Rxb1 $19 29. Qxb1 Bd7 (29... Nd7 $142 30. c6 Nf6) 30. Bd3 $2 (30. Qd3 Bc6 31. Nd2) 30... Bc6 31. Kg2 (31. cxd6 $142 Nd7 32. Ne1) 31... d5 32. exd5 Bxd5 {[%emt 0:00:30] Strongly threatening ...h5.} 33. Be2 Nc6 {[%emt 0:01:30] Threatens to win with ...a4.} 34. f6 e4 35. Ng1 Ne5 36. c4 Bc6 {[%emt 0:00:30] And now ...e3+ would win.} 37. Rg3 e3+ 38. Kh3 Qxf6 {[%emt 0:00:30] Weighted Error Value: White=0.98/Black=0.27 (precise)} 0-1

[Event "5th Baskent University Open 2022"]
[Site "Ankara"]
[Date "2022.07.03"]
[Round "3.9"]
[White "Huseyinoglu, Alihan"]
[Black "Ozkan, Taha"]
[Result "1-0"]
[ECO "A11"]
[WhiteElo "2213"]
[BlackElo "2357"]
[Annotator "TA"]
[PlyCount "63"]
[EventDate "2022.07.02"]
[EventType "swiss"]
[EventCountry "TUR"]
[SourceTitle "playchess.com"]
[Source "ChessBase"]
[SourceQuality "1"]
[TimeControl "5400+30"]

1. c4 c6 2. Nf3 d5 3. e3 e6 4. Nc3 Bd6 5. Qc2 f5 {[%emt 0:01:30] [#]} 6. cxd5 $146 {[%emt 0:07:30] A11: English Opening: 1...c6.} ({Predecessor:} 6. h3 Nf6 7. g4 O-O 8. gxf5 exf5 9. b3 Qe7 10. Bb2 Na6 11. Rg1 Bd7 12. cxd5 {0-1 (48) Nakamura,H (2644)-Friedel,J (2455) San Diego 2006}) 6... exd5 7. Bd3 Nh6 8. b3 {[%emt 0:03:30] The position is equal.} O-O 9. Bb2 Nd7 10. Ne2 Qe7 11. O-O Nf6 12. Nfd4 c5 13. Nf3 Bd7 14. Nf4 Bc6 15. Bxf5 (15. Ng5 $11) 15... d4 $2 (15... Nxf5 $15 {stays ahead.} 16. Qxf5 Rae8) 16. Be6+ $18 Kh8 $2 {[%emt 0:00:30] [#]} (16... Nf7 $18) 17. Ng5 $2 (17. Qxh7+ $1 {[%mdl 512] mates} Kxh7 18. Ng5+ Kh8 19. Ng6#) 17... Bxf4 18. exf4 {[%emt 0:00:30] Black must now prevent Rfe1.} Ne4 19. Nxe4 $40 {[%emt 0:03:30][%mdl 128] Threatens to win with Ng5. Black is in trouble.} Qxe6 20. Nxc5 Qd5 (20... Qd6 $16) 21. f3 Bb5 (21... Rac8 $142) 22. Rfc1 Rac8 (22... Rxf4 {is a better defense.} 23. a4 Be8) 23. a4 Ba6 (23... Bc6 $142 24. Qc4 Rfe8 25. Qxd4 Qxd4+ 26. Bxd4 Rcd8) 24. b4 {[%emt 0:10:47][%cal Bb3b4,Bb4b5,Bb5a6][%mdl 32] Hoping for Qe4.} Rxf4 25. b5 b6 26. Qb3 ({But not} 26. bxa6 $6 bxc5 27. Re1 Nf5 $16) 26... Rxc5 (26... Bb7) 27. Qxd5 Rxd5 28. bxa6 Rf7 $2 (28... g6 29. Rc8+ Kg7) 29. Rc8+ {[%emt 0:00:55] White is clearly winning.} Ng8 30. Re1 g5 31. Ree8 Rg7 32. Rcd8 {[%emt 0:00:24] Weighted Error Value: White=0.40/Black=0.83} 1-0

[Event "5th Baskent University Open 2022"]
[Site "Ankara"]
[Date "2022.07.03"]
[Round "3.11"]
[White "Sevgi, Volkan"]
[Black "Bekiragaoglu, Umut"]
[Result "0-1"]
[ECO "D36"]
[WhiteElo "2305"]
[BlackElo "2067"]
[Annotator "TA"]
[PlyCount "180"]
[EventDate "2022.07.02"]
[EventType "swiss"]
[EventCountry "TUR"]
[SourceTitle "playchess.com"]
[Source "ChessBase"]
[SourceQuality "1"]
[TimeControl "5400+30"]

1. d4 d5 2. Nf3 e6 3. c4 Nf6 4. cxd5 exd5 5. Nc3 c6 6. Bg5 Be7 7. Qc2 O-O 8. e3 Nbd7 9. Bd3 Re8 10. O-O Nf8 11. Bxf6 Bxf6 12. b4 Bg4 13. Nd2 Qd6 14. Rab1 a6 15. a4 {[%emt 0:04:30] D36: Queen's Gambit Declined: Exchange Variation: Main line (5 Bg5 c6 6 Qc2).} b5 16. Rfc1 {[%emt 0:06:30] [#]} Be7 $146 ({Predecessor:} 16... Bd7 17. Bf5 Bxf5 18. Qxf5 Ne6 19. Nf3 Nd8 20. Qc2 h6 21. g3 g5 22. Kg2 g4 {1-0 (53) Polyakevich,S (2314)-Merkuriev,V (2055) Novosibirsk 2008}) 17. Ne2 {[%emt 0:09:30] White has an edge.} Bxe2 18. Bxe2 Rec8 19. Bg4 Rc7 20. Nf3 f6 21. g3 Rb8 22. Ne1 g6 23. Nd3 f5 24. Bf3 Nd7 25. a5 Rbc8 26. Qa2 Kg7 27. Rc2 Qf6 28. Bg2 Bd6 29. Qb2 Qe7 30. Qc1 Nf6 31. Rb3 h6 32. Rbc3 Qd7 33. f4 Nh7 34. Bf3 g5 (34... Kh8 $142) 35. h3 Kg6 $2 {[%emt 0:00:44] [#]} (35... Qe6 $16 {keeps fighting.}) 36. g4 Nf6 $2 (36... Kg7 37. Ne5 Qe7 38. gxf5 Nf6) 37. Ne5+ $18 Bxe5 38. dxe5 ({Not} 38. fxe5 fxg4 39. Be2 gxh3 $18) 38... fxg4 39. hxg4 Nxg4 40. Rg2 h5 41. e4 {[%emt 0:00:31] Against Qf5} dxe4 42. Bxe4+ Kg7 {[%emt 0:00:15] [#] aiming for ...Qd4+.} 43. Rd3 {[%emt 0:00:14] Against Qd4+} (43. Rd2 $18 {has better winning chances.} Qe7 44. Rd6) 43... Qe7 (43... Qe6 $16 {is a better chance.}) 44. Rd6 {[%emt 0:01:20] Black must now prevent Rg6+.} Rg8 45. Bf5 {[%emt 0:02:42] Against Rd7} Kf8 46. Qd2 gxf4 47. Qxf4 $2 (47. Rd8+ $18 Kg7 48. Rxg8+ Kxg8 49. Bxg4 hxg4 50. Rxg4+ Kf7 51. Qxf4+ Ke6 52. Rg6+ Kd5 53. Rd6+ Qxd6 54. exd6 Rg7+ 55. Kf2) 47... Qg5 $11 48. Rf6+ (48. Qxg5 $11 Rxg5 49. Bxg4 hxg4 50. Rh6) 48... Rf7 $17 {[%emt 0:00:43] Black continues to play with concentration.} 49. Rxf7+ Kxf7 50. e6+ $2 (50. Qxg5 $17 Rxg5 51. Bc8) 50... Kf6 $19 {[%emt 0:00:00] Really sharp!} 51. Qxg5+ Rxg5 {[%emt 0:00:00][%mdl 4096] Endgame KRB-KRN} 52. Be4 (52. e7 Kxe7 53. Bc8) 52... Re5 53. Re2 Kxe6 54. Kf1 Nf6 55. Bxc6 Rxe2 {[%emt 0:00:30] Black mates.} 56. Kxe2 {[%emt 0:00:00] KB-KN} Nd5 57. Be8 h4 58. Kf3 Nxb4 59. Kg4 Kd6 60. Kxh4 Nc6 61. Kg4 Nxa5 62. Kf4 Nc4 63. Ke4 Kc5 64. Kd3 a5 65. Kc3 a4 66. Kc2 Nb6 67. Bf7 Kd4 68. Kb2 Nc4+ 69. Kb1 b4 70. Be8 Nb6 71. Kb2 Kc4 72. Bf7+ Nd5 73. Be6 Kc5 74. Bd7 Nc3 75. Be6 Nb5 76. Bf7 Nd4 77. Ka2 a3 78. Bg8 Kd6 79. Bf7 Ke5 80. Bg8 Ke4 81. Bc4 Ke3 82. Bg8 Kd2 83. Bc4 Kc3 84. Bf7 Nb5 85. Bb3 Nd6 86. Bd1 Nc4 87. Bb3 Nb2 88. Be6 Nc4 89. Bf5 b3+ 90. Ka1 Ne3 {[%emt 0:00:06] Weighted Error Value: White=0.54/Black=0.34} 0-1

[Event "5th Baskent University Open 2022"]
[Site "Ankara"]
[Date "2022.07.03"]
[Round "3.12"]
[White "Ipek, Egehan"]
[Black "Dedebas, Emre Emin"]
[Result "1/2-1/2"]
[ECO "E07"]
[WhiteElo "2196"]
[BlackElo "2321"]
[Annotator "TA"]
[PlyCount "72"]
[EventDate "2022.07.02"]
[EventType "swiss"]
[EventCountry "TUR"]
[SourceTitle "playchess.com"]
[Source "ChessBase"]
[SourceQuality "1"]
[TimeControl "5400+30"]

1. Nf3 Nf6 2. c4 e6 3. g3 d5 4. Bg2 Be7 5. O-O O-O 6. d4 c6 7. Nc3 Nbd7 8. b3 b6 9. Bb2 Ba6 {[%emt 0:01:30] is now debated instead of 9...Bb7.} 10. Qd3 Rc8 {[%emt 0:31:30] E07: Closed Catalan: Main Line (5 Nf3 0-0 6 0-0 Nbd7).} 11. Rfd1 {[%emt 0:07:30] [#] was the old line (11.e4).} Ne8 $146 ({Predecessor:} 11... c5 12. Nb5 Bxb5 13. cxb5 Qc7 14. Rac1 Qb7 15. a4 Ne4 16. Ne5 Nxe5 17. dxe5 f5 18. exf6 Bxf6 19. Bxf6 Nxf6 {1-0 (52) Oparin,G (2624)-Esipenko,A (2609) Sochi 2018}) 12. Rac1 Nd6 13. Nd2 c5 14. Nb5 Bxb5 15. cxb5 Bf6 16. e3 Rc7 17. Ba3 Qb8 18. Rc2 Rfc8 19. Rdc1 Be7 20. Bf1 Bf8 21. Bb2 Be7 22. a4 Bf6 23. Bg2 g6 24. Ba3 Nf5 25. Bh3 (25. dxc5 $11 {keeps the balance.} Nxc5 26. Qe2) 25... cxd4 $17 26. Rxc7 Rxc7 27. Rxc7 Qxc7 28. Bxf5 {[%emt 0:00:30] And now Qc2 would win.} dxe3 (28... gxf5 $6 29. exd4 h5 30. Nf3 $11) 29. Bxe6 (29. Qxe3 $17 gxf5 30. Nf3) 29... exd2 ({Worse is} 29... fxe6 30. Qxe3 Kf7 31. Nf3 $11) 30. Bxd7 {[%emt 0:01:00] [#] Strongly threatening Bc6.} Qc3 31. Qxd5 {[%emt 0:00:11] [#]} ({Don't blunder} 31. Qb1 $2 Qf3 32. Qf1 d1=Q $19) (31. Qe2 Be7 32. Bg4 Bxa3 33. f4) 31... Qa1+ $2 (31... h5 $1 $19 32. Be8 Qa1+ 33. Kg2 d1=Q 34. Bxf7+ Kg7 35. Qxd1 Qxd1) 32. Kg2 $11 {[%emt 0:00:17] Threatening mate with Qa8+. The position is equal.} Qxa3 (32... d1=Q {leads to mate.} 33. Qa8+) 33. Qxd2 Qxb3 34. Qf4 Kg7 {[%emt 0:00:16] Threatens to win with ...Qd5+.} 35. Bc6 {[%emt 0:00:00] Inhibits Qd5+.} h5 36. h4 Qa2 {[%emt 0:00:38] Weighted Error Value: White=0.35/Black=0.24 (precise)} 1/2-1/2

[Event "5th Baskent University Open 2022"]
[Site "Ankara"]
[Date "2022.07.03"]
[Round "3.15"]
[White "Ozturk, Efe Hakan"]
[Black "Cansu, Batuhan"]
[Result "1-0"]
[ECO "D78"]
[WhiteElo "2115"]
[BlackElo "2083"]
[Annotator "NA RC"]
[PlyCount "113"]
[EventDate "2022.07.02"]
[EventType "swiss"]
[EventCountry "TUR"]
[SourceTitle "playchess.com"]
[Source "ChessBase"]
[SourceQuality "1"]
[TimeControl "5400+30"]

1. Nf3 Nf6 2. c4 g6 3. b3 Bg7 4. Bb2 O-O 5. g3 c6 6. Bg2 d5 7. O-O Re8 8. d4 Bf5 9. Nh4 Be6 10. Nd2 a5 11. Qc2 Na6 12. a3 a4 13. bxa4 Nb8 14. cxd5 cxd5 15. Nb3 b6 16. a5 Nbd7 17. axb6 Qxb6 18. Nc5 Rec8 19. Rfc1 Ne8 20. Nxd7 Bxd7 21. Qd2 e6 22. e3 Bf8 23. Nf3 Rcb8 24. Ne5 Ba4 25. Bc3 Nd6 26. Bb4 f6 27. Nd3 Bb5 28. Nc5 Nc4 29. Qe1 Bxc5 30. Bxc5 Qc6 31. e4 Re8 32. exd5 exd5 33. Qc3 Ra4 34. Re1 Rea8 35. Qf3 Rd8 36. Be7 Re8 37. Qxd5+ Qxd5 38. Bxd5+ Kg7 39. Bc5 Rxe1+ 40. Rxe1 Nxa3 41. Bb3 Ra6 42. Re7+ Kh6 43. Bg8 Nc2 44. Rxh7+ Kg5 45. Ra7 Kf5 46. Rxa6 Bxa6 47. f3 Ne1 48. Kf2 Nd3+ 49. Ke3 Nxc5 50. dxc5 Bb7 51. h4 Ke5 52. g4 g5 53. h5 f5 54. gxf5 Kxf5 55. Bh7+ Kf6 56. Be4 Bc8 57. h6 1-0

[Event "5th Baskent University Open 2022"]
[Site "Ankara"]
[Date "2022.07.03"]
[Round "3.16"]
[White "Yildirim, Ibrahim Halil"]
[Black "Cakiroglu, Metin"]
[Result "1-0"]
[ECO "B53"]
[WhiteElo "2106"]
[BlackElo "2068"]
[Annotator "NA RC"]
[PlyCount "121"]
[EventDate "2022.07.02"]
[EventType "swiss"]
[EventCountry "TUR"]
[SourceTitle "playchess.com"]
[Source "ChessBase"]
[SourceQuality "1"]
[TimeControl "5400+30"]

1. e4 c5 2. Nf3 d6 3. d4 cxd4 4. Qxd4 Nf6 5. Nc3 Nc6 6. Bb5 Bd7 7. Bxc6 Bxc6 8. Bg5 e6 9. O-O-O Be7 10. Rhe1 O-O 11. Kb1 Qa5 12. Qd2 Qc7 13. Nd4 Rfd8 14. f3 b5 15. Ncxb5 Bxb5 16. Nxb5 Qb6 17. Nd4 a5 18. a4 Rdc8 19. Nb5 Rc6 20. Qd4 Qb7 21. Re2 h6 22. Bh4 g5 23. Bg3 Ne8 24. e5 d5 25. b3 Ng7 26. Nd6 Qa6 27. Red2 Rb8 28. Nb5 Bb4 29. Re2 Bc5 30. Qd3 Nf5 31. Bf2 Qb6 32. Bxc5 Qxc5 33. Rf1 d4 34. Re4 Ne3 35. Rf2 Qb4 36. Re2 Nd5 37. Rxd4 Qc5 38. Rd2 Rxb5 39. axb5 Nc3+ 40. Qxc3 Qxc3 41. bxc6 Qxc6 42. Kb2 Qc5 43. Re4 h5 44. g3 Kg7 45. Rde2 Kg6 46. f4 g4 47. Rc4 Qg1 48. Rd2 Qe1 49. Rcd4 h4 50. gxh4 Qxh4 51. c4 Kf5 52. c5 Qe7 53. c6 Qc7 54. Rc4 a4 55. b4 Qa7 56. c7 Qe3 57. c8=Q Qxd2+ 58. Ka3 Qd1 59. Rc2 Kxf4 60. Qc4+ Kg5 61. Kxa4 1-0

[Event "5th Baskent University Open 2022"]
[Site "Ankara"]
[Date "2022.07.03"]
[Round "3.17"]
[White "Yerden, Huseyin Eren"]
[Black "Primbetov, Marat"]
[Result "1-0"]
[ECO "A62"]
[WhiteElo "2050"]
[BlackElo "2186"]
[Annotator "RC"]
[PlyCount "88"]
[EventDate "2022.07.02"]
[EventType "swiss"]
[EventCountry "TUR"]
[SourceTitle "playchess.com"]
[Source "ChessBase"]
[SourceQuality "1"]
[TimeControl "5400+30"]

1. d4 Nf6 2. c4 e6 3. g3 c5 4. d5 exd5 5. cxd5 d6 6. Nc3 a6 7. a4 g6 8. Bg2 Bg7 9. Nf3 O-O 10. O-O Re8 11. Bf4 Nh5 12. Bg5 Qc7 13. e4 h6 14. Be3 Nf6 15. Qc2 Nbd7 16. Rfe1 Rb8 17. a5 b5 18. axb6 Nxb6 19. h3 Nc4 20. Bc1 Nd7 21. Bf1 Nde5 22. Nh2 Na5 23. Qa4 Bxh3 24. Qxa5 Qxa5 25. Rxa5 Bxf1 26. Rxf1 Nc4 27. Rxa6 Nxb2 28. Bxb2 Rxb2 29. Nd1 Re2 30. Rxd6 R2xe4 31. Nf3 c4 32. Rc6 Rd8 33. Ne3 c3 34. Rd1 Rd7 35. Kg2 Kh7 36. Ng1 Rd4 37. Rc1 Rd2 38. Nf3 Ra2 39. d6 Ra5 40. Rd1 Ra8 41. Nd4 Rb8 42. Ndc2 Rbd8 43. Kf3 h5 44. Nc4 Rb7 1-0

[Event "5th Baskent University Open 2022"]
[Site "Ankara"]
[Date "2022.07.03"]
[Round "3.18"]
[White "Primbetov, Kazbek"]
[Black "Kocak, Can"]
[Result "1-0"]
[ECO "B07"]
[WhiteElo "2147"]
[BlackElo "2057"]
[Annotator "NA"]
[PlyCount "144"]
[EventDate "2022.07.02"]
[EventType "swiss"]
[EventCountry "TUR"]
[SourceTitle "playchess.com"]
[Source "ChessBase"]
[SourceQuality "1"]
[TimeControl "5400+30"]

1. e4 d6 2. d4 Nf6 3. Nc3 g6 4. g3 Bg7 5. Bg2 O-O 6. Nge2 Nc6 7. h3 e5 8. Be3 Bd7 9. O-O a6 10. a4 Rb8 11. f4 exd4 12. Nxd4 Re8 13. Re1 h5 14. Rb1 Qc8 15. Nxc6 bxc6 16. Kh2 Rb4 17. Qd3 Be6 18. b3 c5 19. e5 Nd7 20. Nd5 Rb8 21. exd6 cxd6 22. Bf2 Nb6 23. Ne3 Rd8 24. a5 Nd7 25. g4 hxg4 26. hxg4 Nf6 27. g5 Nh5 28. Bg3 Rb4 29. c4 Qd7 30. Bf3 Nxg3 31. Kxg3 Rdb8 32. Bd5 Bf5 33. Nxf5 Qxf5 34. Qxf5 gxf5 35. g6 Rxb3+ 36. Rxb3 Rxb3+ 37. Kg2 Rb2+ 38. Kf1 Bf8 39. gxf7+ Kg7 40. Re3 Ra2 41. Rg3+ Kf6 42. Rg8 Ke7 43. Rg5 Kf6 44. Rg8 Ke7 45. Rg5 Rxa5 46. Rxf5 Ra1+ 47. Ke2 a5 48. Kd2 a4 49. Kc2 a3 50. Rg5 Rf1 51. Kb3 Rxf4 52. Kxa3 Rf1 53. Kb3 Bh6 54. Rg6 Rf6 55. Rg8 Bf8 56. Ka4 Rf1 57. Kb5 Rf6 58. Kc6 Rh6 59. Rg3 Rh8 60. Re3+ Kf6 61. Kd7 Rh5 62. Rf3+ Kg7 63. Rg3+ Kf6 64. Ke8 Bh6 65. Rf3+ Ke5 66. f8=Q Bxf8 67. Kxf8 Kd4 68. Rf4+ Ke5 69. Re4+ Kf5 70. Ke7 Rh6 71. Re6 Rxe6+ 72. Bxe6+ Ke5 1-0